 Dungeon Crawl Stone Soup version 0.21-a0-444-g29a2fec (webtiles) character file.

14 esteth the Skirmisher (level 2, -2/24 HPs)
             Began as a Demonspawn Chaos Knight on Nov 17, 2017.
             Succumbed to poison (poison gas)
             ... on level 1 of the Dungeon.
             The game lasted 00:01:13 (298 turns).

esteth the Skirmisher (Demonspawn Chaos Knight)      Turns: 298, Time: 00:01:13

Health: -2/24      AC:  5    Str: 10    XL:     2   Next: 27%
Magic:  2/2        EV: 11    Int: 13    God:    Xom [..*...]
Gold:   45         SH:  0    Dex: 12    Spells: 1/1 levels left

rFire    . . .     SeeInvis .   a - +0 hand axe (chaos)
rCold    . . .     Gourm    .   (no shield)
rNeg     . . .     Faith    .   b - +2 leather armour
rPois    .         Spirit   .   (helmet restricted)
rElec    .         Reflect  .   (no cloak)
rCorr    .         Harm     .   (no gloves)
MR       .....     Rnd*Rage +   (no boots)
Stlth    +.........             (no amulet)
HPRegen  0.08/turn              (no ring)
MPRegen  0.08/turn              (no ring)

@: lethally poisoned (-2 -> -44)
A: antennae 1, berserk 1, weak 1, wild magic 1, rot immunity
a: Renounce Religion


You were on level 1 of the Dungeon.
You worshipped Xom.
You were a toy of Xom.
You were not hungry.

You visited 1 branch of the dungeon, and saw 1 of its levels.

You collected 45 gold pieces.

Inventory:

Hand Weapons
 a - a +0 hand axe of chaos (weapon)
Armour
 b - a +2 leather armour (worn)
Scrolls
 e - 3 scrolls of identify {unknown}
 f - a scroll of enchant weapon {unknown}
 g - a scroll of enchant armour {unknown}
Potions
 h - 2 potions of mutation
Comestibles
 c - a bread ration
 d - 4 chunks of flesh
 i - 2 fruits


   Skills:
 + Level 3.2 Fighting
 + Level 2.9 Axes
 + Level 2.0 Armour
 + Level 1.2 Dodging


You had one spell level left.
You didn't know any spells.

Dungeon Overview and Level Annotations

Branches:
Dungeon (1/15)

Altars:


Innate Abilities, Weirdness & Mutations

You are immune to rotting.
You have a pair of small antennae on your head.
You tend to lose your temper in combat.
You are weak. (Str -2)
Your spells are a little harder to cast, but a little more powerful.


Message History

Xom is getting BORED.
Xom is getting BORED.
You are now a BORING thing.
Xom's power touches on you for a moment.
Venomous gases pour from your ears!
You are now a toy of Xom.
You are engulfed in poison gas.
You are poisoned.
You feel sick.
You are engulfed in poison gas.
You are lethally poisoned!
You feel very sick.
It was a potion of mutation.
You feel extremely strange.
You feel a little pissed off.
You feel weaker. A pair of antennae grows on your head!
You feel less in control of your magic.
You are engulfed in poison gas.
You are more poisoned.
* * * LOW HITPOINT WARNING * * *
You die...
Xom thinks this is hilarious!

.. #.#####........
. #.....+........
####.###........
#....# ###....##
#.########....#
####.#.....##..
.§#....##.##.#
#§#..§..#..#.#
#@##§...#..#.#
#§§§.§#.#..#.#
#######.#....#####
.##>.......
###........
#........
...#........
#............
+............


There were no monsters in sight!

Vanquished Creatures
  A gnoll (D:1)
  3 bats (D:1)
  A kobold (D:1)
5 creatures vanquished.

Notes
Turn   | Place    | Note
-------+----------+-------------------------------------------
     0 | D:1      | esteth the Demonspawn Chaos Knight began the quest for the Orb.
     0 | D:1      | Reached XP level 1. HP: 18/18 MP: 1/1
    29 | D:1      | XOM: potion effect (might)
   106 | D:1      | Reached skill level 1 in Dodging
   106 | D:1      | Gained mutation: You are immune to rotting. [demonic ancestry]
   106 | D:1      | Reached XP level 2. HP: 21/24 MP: 2/2
   232 | D:1      | XOM: harmless Conj miscast
   295 | D:1      | XOM is BORED!
   295 | D:1      | XOM: medium Air miscast
   298 | D:1      | Gained mutation: You tend to lose your temper in combat. [potion of mutation]
   298 | D:1      | Gained mutation: You are weak. (Str -2) [potion of mutation]
   298 | D:1      | Gained mutation: You have a pair of small antennae on your head. [potion of mutation]
   298 | D:1      | Gained mutation: Your spells are a little harder to cast, but a little more powerful. [potion of mutation]
   298 | D:1      | HP: 1/24 [something (7)]
   298 | D:1      | Succumbed to poison (poison gas)

Vault maps used:
D:1:      saegor_arrival_simple_f

Skill      XL: |  1 |
---------------+----+-----
Armour         | 2 |  2.0
Dodging        | 1 |  1.2
Fighting       | |  3.2
Axes           | |  2.9

Action                   || total
-------------------------++-------
Melee: Hand axe          ||    13
  Use: Potion            ||     1
 Stab: Sleeping          ||     1
Armor: Leather armour    ||     3
Dodge: Dodged            ||     8

Table legend:
 A = Spawn XP
 B = Non-spawn XP
 C = Spawn XP percentage of total XP
 D = Spawn monster count
 E = Non-spawn monster count
 F = Spawn count percentage of total count
 G = Total turns spent on level
                    A         B        C        D         E        F      G
               +---------+---------+-------+---------+---------+-------+---------
         Total |       0 |      20 |   0.0 |       0 |       5 |   0.0 |   298
               +---------+---------+-------+---------+---------+-------+---------
           D:1 |       0 |      20 |   0.0 |       0 |       5 |   0.0 |   298
               +---------+---------+-------+---------+---------+-------+---------
